 Dungeon Crawl Stone Soup version 0.25.0-11-g1f837a76a1 (webtiles) character file.

Game seed: 18309625822839749831

221371 Ge0ff the Unseen (level 17, -9/86 HPs)
             Began as a Spriggan Enchanter on June 25, 2020.
             Was a High Priest of Dithmenos.
             Mangled by an Orb Guardian (16 damage)
             ... on level 5 of the Realm of Zot.
             The game lasted 02:27:35 (38419 turns).

Ge0ff the Unseen (Spriggan Enchanter)              Turns: 38419, Time: 02:27:35

Health: -9/86      AC: 10    Str:  4    XL:     17   Next: 50%
Magic:  0/35       EV: 30    Int: 25    God:    Dithmenos [*****.]
Gold:   517        SH:  0    Dex: 21    Spells: 18/42 levels left

rFire    + . .     SeeInvis +   w - +9 dagger (venom)
rCold    . . .     Gourm    .   (shield restricted)
rNeg     + + +     Faith    .   Y - +2 robe {rF+}
rPois    ∞         Spirit   +   O - +2 hat
rElec    .         Reflect  .   A - scarf {repulsion}
rCorr    .         Harm     .   (gloves unavailable)
MR       +++++                  (boots unavailable)
Stlth    ++++++++++             G - amulet of guardian spirit
HPRegen  0.24/turn              E - +4 ring of protection {=R}
MPRegen  0.24/turn              c - +6 ring of intelligence

@: brilliant, about to teleport, shadow-form, marked, very slightly
contaminated, wreathed by umbra, heavily drained, invisible, repel missiles,
very quick
A: very small, unfitting armour, see invisible, herbivore, speed 3, slow
metabolism 2, no potion heal 1
}: 3/15 runes: decaying, abyssal, gossamer
a: End Transformation, Shadow Step, Shadow Form, Renounce Religion


You were on level 5 of the Realm of Zot.
You worshipped Dithmenos.
Dithmenos was extremely pleased with you.
You were not hungry.
You were a swirling mass of dark shadows.
You visited 8 branches of the dungeon, and saw 42 of its levels.
You visited the Abyss 1 time.
You also visited: Ossuary and Volcano.

You collected 2733 gold pieces.
You spent 2216 gold pieces at shops.

Inventory:

Hand Weapons
 a - a +3 rapier of protection
 b - a +1 rapier of flaming
 w - a +9 dagger of venom (weapon)
 X - a +2 double sword of protection
Missiles
 g - 5 throwing nets {=f}
 h - 17 boomerangs (quivered)
 o - 3 boomerangs of dispersal
Armour
 v - +0 acid dragon scales
 A - a scarf of repulsion (worn)
 D - a +2 robe of positive energy
 J - +0 swamp dragon scales
 O - a +2 hat (worn)
 Y - a +2 robe of fire resistance (worn)
Jewellery
 c - a +6 ring of intelligence (right hand)
 u - an uncursed ring of positive energy
 E - a +4 ring of protection (left hand) {=R}
 G - an amulet of guardian spirit (around neck)
 M - an uncursed ring of stealth
Wands
 d - a wand of digging (4)
 e - a wand of enslavement (3)
 f - a wand of flame (68)
 j - a wand of acid (8)
 k - a wand of iceblast (19)
 p - a wand of paralysis (34)
 s - a wand of disintegration (42)
 x - a wand of random effects (14)
 P - a wand of polymorph (9)
Scrolls
 y - 7 scrolls of immolation
 B - 7 scrolls of blinking
 C - 9 scrolls of remove curse
 H - 5 scrolls of enchant armour
 S - 3 scrolls of summoning
 T - 9 scrolls of teleportation
 V - 3 scrolls of vulnerability
Potions
 q - 12 potions of curing
 t - 2 potions of ambrosia
 z - 6 potions of brilliance
 F - 3 potions of might
 I - a potion of invisibility
 K - 2 potions of magic {!q}
 L - 3 potions of lignification
 N - 2 potions of cancellation {!q}
 Q - 4 potions of mutation
 R - 2 potions of resistance
 U - 7 potions of stabbing
 W - 2 potions of heal wounds {!q}
 Z - 4 potions of berserk rage {!q}
Miscellaneous
 l - a lightning rod (4/4)
 n - a phial of floods
Comestibles
 r - 53 rations


   Skills:
 + Level 8.5(6.5) Fighting
 - Level 12.5(10.3) Short Blades
 - Level 3.0(1.2) Armour
 + Level 14.2(11.9) Dodging
 * Level 20.7(18.1) Stealth
 - Level 13.0(10.7) Spellcasting
 - Level 3.0(1.2) Conjurations
 - Level 14.0(11.7) Hexes
 - Level 3.0(1.2) Summonings
 - Level 7.0(5.0) Translocations
 - Level 3.0(1.2) Ice Magic
 - Level 12.0(9.8) Invocations
 - Level 9.5(7.4) Evocations


You had 18 spell levels left.
You knew the following spells:

 Your Spells              Type           Power        Failure   Level  Hunger
c - Blink                 Tloc           N/A          1%          2    None
d - Tukima's Dance        Hex            #####...     1%          3    None
f - Mephitic Cloud        Conj/Pois/Air  #.......     12%         3    None
g - Apportation           Tloc           ###...       1%          1    None
i - Invisibility          Hex            #####...     6%          6    None
k - Ensorcelled Hibernat  Hex/Ice        ###...       1%          2    None
m - Dazzling Flash        Conj/Hex       ###...       1%          3    None
o - Summon Butterflies    Summ           #.......     2%          1    None
t - Confusing Touch       Hex            #####...     1%          3    None

Your spell library contained the following spells:

 Spells                   Type           Power        Failure   Level  Hunger
 Corona                   Hex            #####..      1%          1    None
 Slow                     Hex            #####...     1%          2    None
 Inner Flame              Hex/Fire       ###.....     1%          3    None
 Lesser Beckoning         Tloc           ###.......   1%          3    None
 Magic Dart               Conj           #...         2%          1    None
 Foxfire                  Conj/Fire      #...         3%          1    None
 Shock                    Conj/Air       #...         3%          1    None
 Fulminant Prism          Conj/Hex       ###.......   3%          4    None
 Animate Skeleton         Necr           N/A          4%          1    None
 Pain                     Necr           #...         4%          1    None
 Call Imp                 Summ           #.......     4%          2    None
 Searing Ray              Conj           #.....       4%          2    None
 Corpse Rot               Necr/Air       N/A          7%          2    None
 Sublimation of Blood     Necr           #.........   7%          2    None
 Swiftness                Chrm/Air       #.......     7%          2    None
 Conjure Flame            Conj/Fire      #.......     11%         3    None
 Static Discharge         Conj/Air       #.......     11%         3    None
 Iskenderun's Mystic Bla  Conj/Tloc      ##......     12%         4    None
 Vampiric Draining        Necr           #.........   14%         3    None
 Sticky Flame             Conj/Fire      #.......     34%         4    None
 Airstrike                Air            #.........   41%         4    None
 Animate Dead             Necr           N/A          41%         4    None
 Dispel Undead            Necr           #.......     41%         4    None
 Fireball                 Conj/Fire      #.........   67%         5    None
 Lightning Bolt           Conj/Air       #.........   67%         5    None
 Agony                    Necr           #.......     77%         5    None
 Alistair's Intoxication  Tmut/Pois      #.......     77%         5    None
 Excruciating Wounds      Chrm/Necr      #.........   77%         5    None
 Ignition                 Fire           #.........   100%        8    None
 Shatter                  Erth           #.........   100%        9    None
 Tornado                  Air            #.........   100%        9    None


Dungeon Overview and Level Annotations

Branches:
Dungeon (15/15)            Temple (1/1) D:5            Lair (6/6) D:10
  Swamp (4/4) Lair:2       Spider (4/4) Lair:4        Slime (0/5) Lair:5
    Orc (2/2) D:9             Elf (0/3) Orc:2        Depths (5/5) D:15
    Zot (5/5) Depths:5    Ossuary (visited)         Volcano (visited)
 Vaults: D:13-14

Altars:
Ashenzari
Cheibriados
Dithmenos
Elyvilon
Fedhas
Gozag
Kikubaaqudgha
Makhleb
Nemelex Xobeh
Okawaru
Qazlal
Ru
Sif Muna
Trog
Uskayaw
Vehumet
Wu Jian
Xom
Beogh
Jiyva

Shops:
D:11 !   Orc:2 (:*}   Depths:4 ?[[(

Portals:
Hell: Depths:3
Abyss: Depths:4

Annotations:
D:12 Nergalle
D:13 exclusions: red devil and vampire
D:14 exclusions: big kobold, centaur warrior, fire dragon, hydra and kobold demonologist
D:15 exclusion: hydra
Swamp:2 exclusions: hydra, swamp worm and tyrant leech
Swamp:3 exclusion: bog body
Spider:2 exclusion: 2 wolf spiders
Spider:4 exclusions: entropy weaver and meliai
Depths:2 exclusion: downstairs
Depths:3 exclusions: downstairs and upstairs
Depths:4 exclusions: golden dragon and tengu warrior
Zot:3 exclusion: tentacled monstrosity


Innate Abilities, Weirdness & Mutations

You are very small and have problems with some larger weapons.
You are too small for most types of armour.
You have supernaturally acute eyesight. (SInv)
You are a herbivore.
You cover ground extremely quickly.
You need to consume almost no food.
Potions are less effective at restoring your health.


Message History

Really quaff
W - 3 potions of heal wounds {!q}?
Your system partially rejects the healing.
You feel much better. The Orb Guardian hits you!
* * * LOW HITPOINT WARNING * * *
You emit a cloud of dark smoke.
You feel drained. The Orb Guardian hits you!
* * * LOW HITPOINT WARNING * * *
You emit a cloud of dark smoke.
You feel drained. The Orb Guardian hits you.
* * * LOW HITPOINT WARNING * * *
You emit a cloud of dark smoke.
You feel drained. The Orb Guardian hits you.
* * * LOW HITPOINT WARNING * * *
You emit a cloud of dark smoke.
You feel drained. The Orb Guardian completely misses you.
The Orb Guardian hits you!!
You die...

.....§§§§§..## **,,,,,,
.....§§§§..^.# ▓▓▓▓▓▓▓▓▓ *,,,,,,,
.....§§*§....▓▓▓^......▓**,,,,,,,
......§§§§.p.▓▓.........**,,,,,,,
.....§.L...*.▓...(......,*,,,,,,,
.D...§§§...^.*.....0..X.,,,,,,,,,
.....*.......▓.§XXX....X,*,^,,,,,
.............▓▓XXXX§..^.**,,,,,,,
.............▓*▓WXXX...▓**^,,,,,,
,....^.......▓ ▓▓▓▓▓▓▓▓▓ *,,,,,,,
,^,,,,,,,,,,** **,,,,,,
,,,,,,^,,,*** ***,,,, ,,,,,,,****
****, ******** **


You could see 2 orbs of fire, a Killer Klown and 9 Orb Guardians.

Vanquished Creatures
  2 golden dragons
  Rupert (Lair:6)
  Jorgrun (D:14)
  A tentacled monstrosity (Depths:5)
  A tentacled starspawn (Abyss:3)
  2 death cobs
  Gastronok (Orc:1)
  A sphinx (Depths:4)
  A storm dragon (Zot:3)
  Donald (Spider:2)
  A tengu reaver (Depths:4)
  A frost giant (Depths:2)
  A fire giant (Depths:4)
  4 emperor scorpions
  2 ghost moths
  An iron dragon (Depths:4)
  A juggernaut zombie (Depths:4)
  A draconian annihilator (Depths:5)
  An entropy weaver (Spider:1)
  4 stone giants
  A deep elf demonologist (Depths:4)
  A white draconian (Depths:5)
  2 purple draconians (Depths:5)
  2 black draconians (Depths:5)
  3 spark wasps (Depths:4)
  2 red draconians
  8 ettins
  A fire dragon (Lair:6)
  Harold (D:10)
  Josephine (D:14)
  A yaktaur captain (Depths:5)
  A deep elf high priest (Depths:5)
  A rakshasa (D:15)
  4 hydras
  An ice dragon (Depths:5)
  Erica (D:9)
  2 deep troll shamans
  5 two-headed ogres
  An alligator (Swamp:3)
  A titan zombie (Depths:4)
  6 death yaks
  3 deep troll earth magi
  7 orc high priests (Orc:2)
  Urug (Orc:1)
  9 hell knights
  A shadow wraith (Abyss:3)
  A salamander mystic (Depths:5)
  A sixfirhy (Abyss:2)
  2 flayed ghosts (Abyss:3)
  2 deep trolls (Depths:4)
  3 large abominations (Abyss:3)
  5 swamp dragons
  2 glowing orange brains
  A harpy (shapeshifter) (D:15)
  2 necromancers
  Pikel (D:4)
  2 orc knights (Orc:2)
  6 orb spiders
  5 orc sorcerers
  8 wolf spiders
  3 manticores
  3 cyclopes
  5 ugly things
  2 moths of wrath
  3 salamanders (Depths:5)
  5 elephants (Lair:3)
  An eye of devastation (shapeshifter) (D:15)
  4 black mambas
  A torpor snail (Lair:6)
  A gargoyle (Volcano)
  2 centaur skeletons
  18 spiny frogs
  A kobold demonologist (Abyss:2)
  5 komodo dragons
  4 demonic crawlers
  2 efreet
  3 rime drakes
  6 yaktaurs
  9 polar bears (Lair:6)
  A silent spectre (Abyss:3)
  11 jumping spiders
  7 trolls
  A slime creature (shapeshifter) (Depths:4)
  3 bog bodies (Swamp:1)
  A hornet (Spider:1)
  A hippogriff (shapeshifter) (Depths:3)
  11 slime creatures
  Prince Ribbit (D:9)
  9 hippogriffs
  A tyrant leech (Swamp:1)
  6 dream sheep (Lair:5)
  A raiju (Lair:6)
  7 blink frogs (Lair:6)
  A fire giant simulacrum (Depths:4)
  A frost giant simulacrum (Depths:4)
  Sigmund (D:4)
  20 redbacks
  5 tarantellas
  A spriggan (D:11)
  4 wraiths
  A shadow (Swamp:1)
  2 wyverns
  4 basilisks
  43 yaks
  A steam dragon (D:10)
  Eustachio (D:4)
  3 fire elementals (Volcano)
  10 wargs
  9 vampire mosquitoes
  5 hungry ghosts
  4 insubstantial wisps (Swamp:1)
  A soldier ant (shapeshifter) (D:15)
  2 swamp worms
  A soldier ant (D:14)
  2 acid dragons (Lair:6)
  16 water moccasins
  18 hell hounds
  5 ice beasts
  21 orc warriors
  7 porcupines
  6 swamp drakes
  A floating eye (Abyss:3)
  5 sky beasts
  A slave (D:4)
  2 necrophages
  3 phantoms
  12 black bears
  29 wolves
  2 black bears (shapeshifter)
  11 ogres
  13 crocodiles
  10 centaurs
  A big kobold (D:9)
  8 bullfrogs
  A gnoll sergeant (D:9)
  An earth elemental (Volcano)
  11 scorpions
  5 killer bees (D:10)
  A swamp dragon simulacrum (Abyss:3)
  3 wights (D:14)
  10 howler monkeys
  An electric eel (Lair:2)
  4 crimson imps
  2 bullfrog zombies
  2 centaur zombies
  3 quasits
  6 jellies
  15 orc wizards
  35 orc priests
  6 bullfrog skeletons
  4 hounds
  7 iguanas
  10 worker ants
  A killer bee zombie (D:10)
  2 hound skeletons
  13 mummies (Ossuary)
  5 gnolls (D:9)
  8 adders
  A howler monkey skeleton (D:10)
  An ufetubus (Abyss:2)
  5 oozes
  4 worms
  A dart slug (D:3)
  111 orcs
  8 bats
  6 giant cockroaches
  14 goblins
  8 hobgoblins
  5 jackals
  9 kobolds
  3 quokkas
  6 frilled lizards
  A giant cockroach zombie (D:5)
  4 goblin skeletons (Ossuary)
  A jackal skeleton (D:4)
  2 kobold skeletons (Ossuary)
  2 orc skeletons (Ossuary)
  11 rats
  11 rat skeletons (Ossuary)
  A bush (Depths:4)
940 creatures vanquished.

Vanquished Creatures (collateral kills)
  A spark wasp (Depths:4)
  A deep troll shaman (Depths:4)
  2 deep troll earth magi (Depths:4)
  A deep troll (Depths:4)
5 creatures vanquished.

Vanquished Creatures (others)
  A spark wasp (Depths:4)
  2 fungi (Lair:6)
  35 plants
  4 starspawn tentacles (Abyss:2)
42 creatures vanquished.

Grand Total: 987 creatures vanquished

Notes
Turn   | Place    | Note
-------+----------+-------------------------------------------
     0 | D:1      | Ge0ff the Spriggan Enchanter began the quest for the Orb.
     0 | D:1      | Reached XP level 1. HP: 9/9 MP: 5/5
   338 | D:1      | Reached XP level 2. HP: 13/13 MP: 6/6
   342 | D:1      | Learned a level 2 spell: Ensorcelled Hibernation
  1046 | D:1      | Reached XP level 3. HP: 11/16 MP: 8/8
  1500 | D:2      | Found a snail-covered altar of Cheibriados.
  1590 | D:2      | Found an ornate altar of the Wu Jian Council.
  1616 | D:2      | Reached skill level 1 in Ice Magic
  1916 | D:2      | Found an ancient bone altar of Kikubaaqudgha.
  2511 | D:2      | Reached XP level 4. HP: 21/21 MP: 9/9
  2854 | D:3      | Reached skill level 5 in Stealth
  3415 | D:3      | Found a shimmering blue altar of Sif Muna.
  3415 | D:3      | Found a burning altar of Makhleb.
  3416 | D:3      | Found a stormy altar of Qazlal.
  3679 | D:4      | Reached XP level 5. HP: 25/25 MP: 10/10
  3717 | D:4      | Reached skill level 1 in Fighting
  3829 | D:4      | Found a white marble altar of Elyvilon.
  4021 | D:4      | Noticed a slave
  4022 | D:4      | Noticed a slave
  4022 | D:4      | Noticed a slave
  4023 | D:4      | Noticed Sigmund
  4024 | D:4      | Noticed Pikel
  4031 | D:4      | Noticed a slave
  4057 | D:4      | Killed a slave
  4250 | D:4      | Noticed a moth of wrath
  4253 | D:4      | Found a bloodstained altar of Trog.
  4338 | D:4      | Got a dazzling mace
  4384 | D:4      | Killed Sigmund
  4384 | D:4      | Reached skill level 5 in Hexes
  4384 | D:4      | Reached XP level 6. HP: 22/30 MP: 10/12
  4810 | D:3      | Learned a level 3 spell: Confusing Touch
  4814 | D:3      | Learned a level 3 spell: Tukima's Dance
  4818 | D:3      | Learned a level 3 spell: Dazzling Flash
  5339 | D:4      | Killed Pikel
  5339 | D:4      | Reached skill level 6 in Stealth
  5339 | D:4      | Reached XP level 7. HP: 14/33 MP: 9/14
  5733 | D:4      | Noticed Eustachio
  5820 | D:4      | Killed Eustachio
  5820 | D:4      | Reached skill level 5 in Short Blades
  5820 | D:4      | Reached XP level 8. HP: 16/37 MP: 8/15
  6082 | D:5      | Entered Level 5 of the Dungeon
  6110 | D:5      | Found a sand-covered staircase.
  6116 | Ossuary  | Entered an ossuary
  7126 | Ossuary  | Reached skill level 7 in Stealth
  7536 | D:5      | Reached skill level 5 in Spellcasting
  7675 | D:5      | Found a sacrificial altar of Ru.
  8308 | D:5      | Found a staircase to the Ecumenical Temple.
  8317 | Temple   | Entered the Ecumenical Temple
  8352 | Temple   | Became a worshipper of Dithmenos the Shadowed
  8653 | D:6      | Reached skill level 8 in Stealth
  8667 | D:6      | Reached XP level 9. HP: 40/40 MP: 15/18
  8831 | D:6      | Found a burning altar of Makhleb.
  9880 | D:7      | Reached * piety under Dithmenos
  9932 | D:7      | Found a sparkling altar of Nemelex Xobeh.
  9985 | D:7      | Reached skill level 9 in Stealth
 10953 | D:8      | Found a hide-covered altar of Uskayaw.
 11264 | D:8      | Noticed a two-headed ogre
 11268 | D:8      | Killed a two-headed ogre
 11268 | D:8      | Reached skill level 10 in Hexes
 11268 | D:8      | Reached XP level 10. HP: 45/45 MP: 21/21
 11329 | D:8      | Found a blossoming altar of Fedhas.
 11408 | D:8      | Reached skill level 10 in Stealth
 11544 | D:8      | Reached ** piety under Dithmenos
 11788 | D:9      | Noticed a cyan ugly thing
 11794 | D:9      | Killed a cyan ugly thing
 11918 | D:9      | Noticed Prince Ribbit
 11926 | D:9      | Killed Prince Ribbit
 11979 | D:9      | Noticed Erica
 12457 | D:9      | Found a shattered altar of Ashenzari.
 12557 | D:9      | Found a staircase to the Orcish Mines.
 12577 | D:9      | Reached skill level 10 in Short Blades
 12767 | D:9      | Reached *** piety under Dithmenos
 12779 | D:9      | Reached skill level 11 in Stealth
 12992 | D:9      | Killed Erica
 12992 | D:9      | Reached skill level 1 in Invocations
 12992 | D:9      | Reached skill level 1 in Evocations
 12992 | D:9      | Reached XP level 11. HP: 33/49 MP: 10/24
 13104 | D:10     | Entered Level 10 of the Dungeon
 13297 | D:10     | Noticed Harold
 13573 | D:10     | Noticed a two-headed ogre
 13590 | D:10     | Killed a two-headed ogre
 13590 | D:10     | Reached skill level 5 in Dodging
 13590 | D:10     | Reached skill level 1 in Conjurations
 14260 | D:10     | Reached **** piety under Dithmenos
 14335 | D:10     | Found a staircase to the Lair.
 14617 | D:10     | Reached skill level 12 in Stealth
 14703 | D:10     | Killed Harold
 14937 | D:11     | Found Owaxeezist's Distillery.
 15238 | D:11     | Reached XP level 12. HP: 55/55 MP: 22/26
 15309 | D:11     | Bought a potion of invisibility for 96 gold pieces
 15309 | D:11     | Bought 2 potions of flight for 72 gold pieces
 15752 | Lair:1   | Entered Level 1 of the Lair of Beasts
 15948 | Lair:1   | Reached ***** piety under Dithmenos
 15977 | Lair:1   | Reached skill level 10 in Spellcasting
 16585 | Lair:1   | Reached skill level 13 in Stealth
 16796 | Lair:1   | Reached skill level 5 in Invocations
 17390 | Lair:2   | Reached skill level 5 in Evocations
 17434 | Lair:2   | Noticed a five-headed hydra
 17441 | Lair:2   | Killed a five-headed hydra
 18119 | Lair:2   | Found a staircase to the Swamp.
 18720 | Lair:3   | Reached XP level 13. HP: 60/60 MP: 28/28
 18947 | Lair:3   | Reached skill level 14 in Stealth
 19506 | Lair:4   | Found a hole to the Spider Nest.
 19928 | Lair:4   | Found a dark tunnel.
 19940 | Volcano  | Entered a volcano
 19962 | Volcano  | Noticed a stone giant
 19967 | Volcano  | Killed a stone giant
 20399 | Lair:5   | Found a runed translucent door.
 20399 | Lair:5   | Found a viscous altar of Jiyva.
 20401 | Lair:5   | Found a staircase to the Slime Pits.
 20536 | Lair:5   | Learned a level 1 spell: Apportation
 20538 | Lair:5   | Learned a level 1 spell: Summon Butterflies
 20545 | Lair:5   | Learned a level 6 spell: Invisibility
 20789 | Lair:5   | Reached skill level 1 in Translocations
 20885 | Lair:5   | Reached ****** piety under Dithmenos
 20885 | Lair:5   | Reached skill level 15 in Stealth
 21001 | Lair:6   | Entered Level 6 of the Lair of Beasts
 21142 | Lair:6   | Noticed Rupert
 21819 | Lair:6   | Reached skill level 1 in Summonings
 22041 | Lair:6   | Reached XP level 14. HP: 66/66 MP: 23/31
 22888 | Lair:6   | Paralysed by Rupert for 2 turns
 22936 | Lair:6   | Killed Rupert
 23075 | Lair:6   | Reached skill level 5 in Fighting
 24537 | Orc:1    | Entered Level 1 of the Orcish Mines
 24537 | Orc:1    | Noticed Gastronok
 24540 | Orc:2    | Entered Level 2 of the Orcish Mines
 24646 | Orc:1    | Reached skill level 16 in Stealth
 25265 | Orc:1    | Noticed Urug
 25301 | Orc:1    | Killed Urug
 25326 | Orc:1    | Killed Gastronok
 27025 | Orc:2    | Found Uhuheudu's Weapon Shoppe.
 27030 | Orc:2    | Reached skill level 5 in Translocations
 27045 | Orc:2    | Found Sacib's Book Boutique.
 27454 | Orc:2    | Found Cezipruo's General Store.
 27454 | Orc:2    | Found Kujipsa's Gadget Boutique.
 27677 | Orc:2    | Found a staircase to the Elven Halls.
 28068 | Orc:2    | Found a roughly hewn altar of Beogh.
 28071 | Orc:2    | Reached skill level 10 in Dodging
 28071 | Orc:2    | Reached XP level 15. HP: 71/71 MP: 32/32
 28149 | Orc:2    | Bought a book of Minor Magic for 300 gold pieces
 28152 | Orc:2    | Learned a level 2 spell: Blink
 28156 | Orc:2    | Learned a level 3 spell: Mephitic Cloud
 28285 | D:11     | Bought a potion of might for 48 gold pieces
 28285 | D:11     | Bought a potion of magic for 96 gold pieces
 28287 | D:11     | Bought a potion of brilliance for 48 gold pieces
 28418 | Swamp:1  | Entered Level 1 of the Swamp
 29293 | Swamp:4  | Entered Level 4 of the Swamp
 29318 | Swamp:4  | Noticed a thorn hunter
 29324 | Swamp:4  | Got a decaying rune of Zot
 29938 | Spider:1 | Entered Level 1 of the Spider Nest
 29941 | Spider:1 | Reached skill level 1 in Armour
 30573 | Spider:2 | Noticed a ghost moth
 30582 | Spider:2 | Killed a ghost moth
 30589 | Spider:2 | Reached skill level 17 in Stealth
 30591 | Spider:2 | Noticed Donald
 30597 | Spider:2 | Killed Donald
 30952 | Spider:3 | You fall into a shaft and drop 1 floor!
 30952 | Spider:4 | Entered Level 4 of the Spider Nest
 31172 | Spider:4 | Noticed a ghost moth
 31187 | Spider:4 | Noticed a ghost moth
 31187 | Spider:4 | Noticed a ghost moth
 31187 | Spider:4 | Noticed a ghost moth
 31190 | Spider:4 | Got a gossamer rune of Zot
 31194 | Spider:4 | Noticed a ghost moth
 31199 | Spider:4 | Killed a ghost moth
 32315 | Orc:2    | Bought a wand of digging (3) for 210 gold pieces
 32441 | D:11     | Bought a potion of heal wounds for 60 gold pieces
 32441 | D:11     | Bought a potion of cancellation for 96 gold pieces
 32441 | D:11     | Bought a potion of cancellation for 96 gold pieces
 32441 | D:11     | Bought a potion of curing for 36 gold pieces
 32441 | D:11     | Bought a potion of curing for 36 gold pieces
 32484 | D:12     | Noticed Nergalle
 33448 | D:14     | Noticed Josephine
 33448 | D:14     | Noticed Jorgrun
 33478 | D:13     | Reached skill level 10 in Invocations
 33544 | D:14     | Killed Josephine
 33574 | D:14     | Killed Jorgrun
 33892 | D:14     | Reached XP level 16. HP: 77/77 MP: 27/34
 33930 | D:15     | Entered Level 15 of the Dungeon
 34169 | D:15     | Found a staircase to the Depths.
 34418 | Depths:1 | Entered Level 1 of the Depths
 34447 | Depths:3 | Found a gateway to Hell.
 34451 | Depths:3 | Noticed a quicksilver dragon
 34672 | Depths:2 | You fall into a shaft and drop 2 floors!
 34673 | Depths:4 | Noticed a sphinx
 34673 | Depths:4 | Noticed a golden dragon
 34676 | Depths:4 | Killed a sphinx
 34696 | Depths:4 | Noticed a lich
 34739 | Depths:4 | Found Uqicy's Armour Emporium.
 34741 | Depths:4 | Found Jaalum's Weapon Shoppe.
 34741 | Depths:4 | Found Sich's Magic Scroll Emporium.
 34745 | Depths:4 | Found Lereagge's Antique Armour Shoppe.
 34746 | Depths:4 | Reached skill level 18 in Stealth
 34754 | Depths:4 | Found a one-way gate to the infinite horrors of the Abyss.
 34759 | Depths:4 | Bought a scroll of blinking for 142 gold pieces
 34759 | Depths:4 | Bought a scroll of blinking for 142 gold pieces
 34762 | Depths:4 | Bought a scarf of repulsion for 132 gold pieces
 34770 | Depths:4 | Bought 2 scrolls of teleportation for 114 gold pieces
 34770 | Depths:4 | Bought a scroll of enchant weapon for 142 gold pieces
 34770 | Depths:4 | Bought a scroll of enchant weapon for 142 gold pieces
 34770 | Depths:4 | Bought a scroll of magic mapping for 66 gold pieces
 34770 | Depths:4 | Bought a scroll of vulnerability for 142 gold pieces
 34814 | Depths:4 | Voluntarily entered the Abyss.
 34966 | Abyss:2  | Noticed a tentacled starspawn
 34978 | Abyss:2  | Noticed a tentacled starspawn
 35046 | Abyss:2  | Found a corrupted altar of Lugonu.
 35174 | Abyss:2  | Identified the +1 rapier "Xualeof" {vorpal, Fragile Str+2
                  | SInv} (You found it on level 2 of the Abyss)
 35344 | Abyss:3  | Noticed a tentacled starspawn
 35393 | Abyss:3  | Killed a tentacled starspawn
 35477 | Abyss:3  | Got an abyssal rune of Zot
 35492 | Depths:4 | Escaped the Abyss
 35556 | Depths:4 | Noticed a tengu reaver
 35558 | Depths:4 | Killed a tengu reaver
 36004 | Depths:5 | Entered Level 5 of the Depths
 36229 | Depths:5 | Noticed a tentacled monstrosity
 36232 | Depths:5 | Killed a tentacled monstrosity
 36496 | Depths:5 | Reached skill level 19 in Stealth
 36506 | Depths:5 | Noticed a tengu reaver
 36550 | Depths:4 | Reached XP level 17. HP: 62/85 MP: 29/35
 37451 | Depths:5 | Reached skill level 20 in Stealth
 37588 | Depths:5 | Found a gate to the Realm of Zot.
 37588 | Depths:5 | Noticed a golden dragon
 37588 | Depths:5 | Noticed a bone dragon
 37588 | Depths:5 | Noticed a golden dragon
 37590 | Depths:5 | Killed a golden dragon
 37630 | Zot:1    | Entered Level 1 of the Realm of Zot
 37752 | Zot:1    | Noticed a golden dragon
 37754 | Zot:1    | Killed a golden dragon
 38012 | Zot:3    | Noticed a golden dragon
 38020 | Zot:3    | Noticed a tentacled monstrosity
 38149 | Zot:4    | Identified a scroll of acquirement
 38383 | Zot:5    | Entered Level 5 of the Realm of Zot
 38409 | Zot:5    | Noticed an ancient lich
 38409 | Zot:5    | Noticed a Killer Klown
 38409 | Zot:5    | Noticed a Killer Klown
 38409 | Zot:5    | Noticed an orb of fire
 38409 | Zot:5    | Noticed a golden dragon
 38409 | Zot:5    | Noticed an orb of fire
 38411 | Zot:5    | Gained mutation: Potions are less effective at restoring
                  | your health. [an orb of fire]
 38414 | Zot:5    | Noticed an Orb Guardian
 38415 | Zot:5    | Noticed an Orb Guardian
 38416 | Zot:5    | Noticed an Orb Guardian
 38416 | Zot:5    | Noticed an Orb Guardian
 38416 | Zot:5    | Noticed an Orb Guardian
 38416 | Zot:5    | Noticed an Orb Guardian
 38416 | Zot:5    | Noticed an Orb Guardian
 38416 | Zot:5    | Noticed an Orb Guardian
 38416 | Zot:5    | Noticed an Orb Guardian
 38416 | Zot:5    | Noticed an Orb Guardian
 38417 | Zot:5    | Noticed an Orb Guardian
 38417 | Zot:5    | Noticed an Orb Guardian
 38419 | Zot:5    | Mangled by an Orb Guardian

Illustrated notes

Levels and vault maps discovered:
D:1:      lemuel_arrival_room, layout_loops_ring, serial_forest,
          infiniplex_forest_clump_cross, infiniplex_forest_end_1,
          infiniplex_forest_zigzag_1, infiniplex_forest_straight_1,
          infiniplex_forest_lined_room_3, infiniplex_forest_join,
          infiniplex_forest_straight_2
D:2:      layout_rooms, lemuel_doored_altar, cheibriados_altar_1,
          overflow_temple_1_default, serial_co_window_serial,
          co_window_corner_a, co_window_paths_a, co_window_corner_a,
          co_window_paths_b, co_window_paths_a, co_window_of_opportunity_b,
          co_window_of_opportunity_c, co_window_broadway_a, co_window_corner_cb,
          co_window_corner_b, co_window_4corner_b, glass_columns_b,
          glass_columns_b, glass_columns_c
D:3:      layout_loops_ring, gammafunk_temple_overflow_forgotten, first_ration
D:4:      kennysheep_the_goblin_king, layout_rooms, kennysheep_mini_moat,
          tgw_trog, nrook_mini_vaults, wad_floor_pattern_untrapped,
          minmay_misc_feat_alley, kennysheep_small_circle, uniq_sigmund,
          uniq_pikel, uniq_eustachio
D:5:      layout_basic, minmay_temple_entry_sparse_star,
          nicolae_ossuary_entry_plus, basic_altar
D:6:      layout_layer_cave, bloody_makhleb
D:7:      layout_basic, nemelex_xobeh_ov_fountains_minmay,
          kennysheep_generic_room_6
D:8:      layout_basic, kennysheep_mini, lemuel_crystal_altar, feat_on_display
D:9:      layout_long_grid, ashenzari_conservatory_becter,
          kennysheep_orc_monster_closet_entryway, grunt_decor_one_mirror,
          uniq_prince_ribbit1, uniq_erica
D:10:     layout_basic, erik_lair_dragon, uniq_harold
D:11:     layout_cross, serial_shops, shop, the_bakery
D:12:     layout_basic, drop_trap, uniq_nergalle
D:13:     layout_cave_pools, einodemon_armed_red_devil_minivault
D:14:     kennysheep_big_flooded_room, layout_grid_maze, david_vaults_5,
          minmay_misc_feat_square, uniq_josephine, uniq_jorgrun
D:15:     gammafunk_enter_depths_forms, layout_rooms, minmay_misc_feat_plants,
          xom_teletrap_fun
Temple:   cyrus_temple_forest
Lair:1:   layout_loops_ring, beast_lair_carwin_3, infiniplex_staircase_pool
Lair:2:   layout_cave_pods, minmay_swamp_entry_swarm, lemuel_fruit_fields,
          lemuel_fruit_tree, grunt_megastairs_4
Lair:3:   layout_concentric_octagons
Lair:4:   layout_roguey, nicolae_spider_entry_tight_spaces, enter_volcano_3,
          patterned_corridor
Lair:5:   layout_cave_shapes, slime_altar_2
Lair:6:   guppyfry_lair_end_dragon, layout_cave_pods,
          hangedman_lair_caniforms_friends, serial_bayou_shore_b, uniq_rupert
Swamp:1:  layout_basic_swamp, evilmike_swamp_ruin_house_3
Swamp:2:  layout_basic_swamp, serial_swamp_ruin, evilmike_swamp_ruin_house_5,
          evilmike_swamp_ruin_house_1, uniq_nikola
Swamp:3:  layout_basic_swamp, hangedman_swamp_ruin_wall
Swamp:4:  swamp, layout_basic_swamp, uniq_mara
Spider:1: layout_spider_delve, nicolae_crawler_farm
Spider:2: layout_spider_delve, nicolae_spider_webs_and_nodes, drop_trap,
          nicolae_arachne_temple, uniq_donald, uniq_louise, uniq_aizul
Spider:3: spider_temple_joshua, minmay_another_anthill
Spider:4: grunt_spider_rune_island
Orc:1:    layout_caves, library_closet, rock_pile, uniq_urug, uniq_gastronok
Orc:2:    st_orc_town, layout_diamond_mine, minmay_orc_barracks
Depths:1: layout_honeycomb, enter_ziggurat_b, hangedman_abyss_entry_splay,
          hangedman_coc_ice_floe, minmay_misc_feat_pillars,
          chequers_serial_rivers_small_3, corexii_leaking_fountain,
          roderic_lattice_a, drop_trap, minmay_guarded_unrand_wrath_of_trog
Depths:2: minmay_the_grid_triangle_9x9_recursive_3
          [minmay_the_grid_triangle_9x9_flanged_cone,
          minmay_the_grid_triangle_9x9_impossible_snake,
          minmay_the_grid_triangle_9x9_minimal,
          minmay_the_grid_triangle_9x9_prize_schism,
          minmay_the_grid_triangle_9x9_steps,
          minmay_the_grid_triangle_9x9_intruding_spiral,
          minmay_the_grid_triangle_9x9_sparse_checkered,
          minmay_the_grid_triangle_9x9_descending_squares,
          minmay_the_grid_triangle_9x9_thin_v], layout_gridlike,
          minmay_misc_feat_iff, hell_entry, infiniplex_staircase_diamond
Depths:3: minmay_inside_and_out, layout_gridlike, kennysheep_cross_room,
          hell_entry, pan_entry, infiniplex_staircase_pool_2
Depths:4: minmay_tile_spiral, layout_gridlike, abyss_entry,
          grunt_mini_vestibule, chequers_serial_rivers_micro_d,
          minmay_hedge_maze, grunt_megastairs_1, minmay_shoptagon,
          uniq_enchantress
Depths:5: grunt_crosshair, layout_gridlike, pf_hell_entry_great_geh,
          minmay_misc_feat_four_crosses, grunt_megastairs_2
Zot:1:    layout_basic
Zot:2:    kennysheep_blocky_hall, layout_misc_corridors
Zot:3:    layout_concentric_octagons
Zot:4:    layout_basic
Zot:5:    layout_gridlike, not_door_vault_due

Skill      XL: |  1  2  3  4  5  6  7  8  9 10 11 12 13 14 15 16 17 |
---------------+----------------------------------------------------+-----
Spellcasting   | 3 4 5 7 8 9 10 12 13 | 13.0
Hexes          | 4 5 6 8 10 11 12 13 14 | 14.0
Ice Magic      | 1 2 3 |  3.0
Short Blades   | 2 3 4 5 6 8 10 11 12 | 12.5
Stealth        | 5 6 8 9 11 12 13 15 16 17 19 20 | 20.7
Fighting       | 1 3 4 5 6 7 8 |  8.5
Dodging        | 4 5 7 8 10 11 13 14 | 14.2
Invocations    | 1 3 6 7 9 10 12 | 12.0
Evocations     | 1 3 5 7 8 9 |  9.5
Conjurations   | 2 3 |  3.0
Translocations | 2 5 7 |  7.0
Summonings     | 1 2 3 |  3.0
Armour         | 3 |  3.0

Action                   |  1- 3 |  4- 6 |  7- 9 | 10-12 | 13-15 | 16-18 || total
-------------------------+-------+-------+-------+-------+-------+-------++-------
Melee: Dagger            |    72 |     4 |     2 |    14 |   505 |   167 ||   764
       Short sword       |    81 |   130 |    23 |     1 |       |       ||   235
       Rapier            |       |       |   265 |   325 |   214 |    41 ||   845
Throw: Dart              |    24 |    16 |       |    44 |       |       ||    84
       Boomerang         |       |       |       |       |   185 |     2 ||   187
       Throwing net      |       |       |       |       |     1 |       ||     1
 Cast: Corona            |     3 |       |       |       |       |       ||     3
       Ensorcelled Hiber |    10 |    30 |    51 |   194 |   323 |    30 ||   638
       Confusing Touch   |       |       |     4 |    14 |    28 |     5 ||    51
       Dazzling Flash    |       |       |       |       |    17 |       ||    17
       Apportation       |       |       |       |       |    57 |    25 ||    82
       Invisibility      |       |       |       |       |    18 |    14 ||    32
       Blink             |       |       |       |       |     6 |     5 ||    11
Invok: Shadow Step       |       |       |       |       |     9 |     3 ||    12
       Shadow Form       |       |       |       |       |       |     2 ||     2
 Abil: End Transformatio |       |       |       |       |       |     1 ||     1
Evoke: Wand              |       |     2 |       |     4 |    32 |    26 ||    64
       Lightning rod     |       |       |       |       |       |     4 ||     4
  Use: Potion            |     2 |       |     1 |       |     4 |     7 ||    14
       Scroll            |       |     3 |     4 |    15 |    18 |    18 ||    58
 Stab: Sleeping          |    16 |    23 |    64 |   180 |   320 |    78 ||   681
       Distracted        |       |     1 |       |       |     1 |       ||     2
       Paralysed         |       |     1 |       |     1 |     2 |     6 ||    10
       Confused          |       |       |     5 |    18 |    29 |     3 ||    55
       Invisible         |       |       |       |       |    69 |    20 ||    89
       Held in net/web   |       |       |       |       |     1 |       ||     1
  Eat: Ration            |       |     2 |     3 |     3 |    10 |     5 ||    23
Armor: Robe              |    17 |     2 |    22 |     9 |    14 |     8 ||    72
       Steam dragon scal |       |       |       |    13 |    25 |       ||    38
Dodge: Dodged            |   132 |    95 |   139 |   196 |   675 |   102 ||  1339
       Repelled          |       |       |       |       |       |     3 ||     3
Block: Other             |    20 |    30 |    35 |    41 |       |       ||   126
       Reflection        |     2 |     1 |       |     1 |       |       ||     4

Levels and vault maps discovered:
D:1:      lemuel_arrival_room, layout_loops_ring, serial_forest,
          infiniplex_forest_clump_cross, infiniplex_forest_end_1,
          infiniplex_forest_zigzag_1, infiniplex_forest_straight_1,
          infiniplex_forest_lined_room_3, infiniplex_forest_join,
          infiniplex_forest_straight_2
D:2:      layout_rooms, lemuel_doored_altar, cheibriados_altar_1,
          overflow_temple_1_default, serial_co_window_serial,
          co_window_corner_a, co_window_paths_a, co_window_corner_a,
          co_window_paths_b, co_window_paths_a, co_window_of_opportunity_b,
          co_window_of_opportunity_c, co_window_broadway_a, co_window_corner_cb,
          co_window_corner_b, co_window_4corner_b, glass_columns_b,
          glass_columns_b, glass_columns_c
D:3:      layout_loops_ring, gammafunk_temple_overflow_forgotten, first_ration
D:4:      kennysheep_the_goblin_king, layout_rooms, kennysheep_mini_moat,
          tgw_trog, nrook_mini_vaults, wad_floor_pattern_untrapped,
          minmay_misc_feat_alley, kennysheep_small_circle, uniq_sigmund,
          uniq_pikel, uniq_eustachio
D:5:      layout_basic, minmay_temple_entry_sparse_star,
          nicolae_ossuary_entry_plus, basic_altar
D:6:      layout_layer_cave, bloody_makhleb
D:7:      layout_basic, nemelex_xobeh_ov_fountains_minmay,
          kennysheep_generic_room_6
D:8:      layout_basic, kennysheep_mini, lemuel_crystal_altar, feat_on_display
D:9:      layout_long_grid, ashenzari_conservatory_becter,
          kennysheep_orc_monster_closet_entryway, grunt_decor_one_mirror,
          uniq_prince_ribbit1, uniq_erica
D:10:     layout_basic, erik_lair_dragon, uniq_harold
D:11:     layout_cross, serial_shops, shop, the_bakery
D:12:     layout_basic, drop_trap, uniq_nergalle
D:13:     layout_cave_pools, einodemon_armed_red_devil_minivault
D:14:     kennysheep_big_flooded_room, layout_grid_maze, david_vaults_5,
          minmay_misc_feat_square, uniq_josephine, uniq_jorgrun
D:15:     gammafunk_enter_depths_forms, layout_rooms, minmay_misc_feat_plants,
          xom_teletrap_fun
Temple:   cyrus_temple_forest
Lair:1:   layout_loops_ring, beast_lair_carwin_3, infiniplex_staircase_pool
Lair:2:   layout_cave_pods, minmay_swamp_entry_swarm, lemuel_fruit_fields,
          lemuel_fruit_tree, grunt_megastairs_4
Lair:3:   layout_concentric_octagons
Lair:4:   layout_roguey, nicolae_spider_entry_tight_spaces, enter_volcano_3,
          patterned_corridor
Lair:5:   layout_cave_shapes, slime_altar_2
Lair:6:   guppyfry_lair_end_dragon, layout_cave_pods,
          hangedman_lair_caniforms_friends, serial_bayou_shore_b, uniq_rupert
Swamp:1:  layout_basic_swamp, evilmike_swamp_ruin_house_3
Swamp:2:  layout_basic_swamp, serial_swamp_ruin, evilmike_swamp_ruin_house_5,
          evilmike_swamp_ruin_house_1, uniq_nikola
Swamp:3:  layout_basic_swamp, hangedman_swamp_ruin_wall
Swamp:4:  swamp, layout_basic_swamp, uniq_mara
Spider:1: layout_spider_delve, nicolae_crawler_farm
Spider:2: layout_spider_delve, nicolae_spider_webs_and_nodes, drop_trap,
          nicolae_arachne_temple, uniq_donald, uniq_louise, uniq_aizul
Spider:3: spider_temple_joshua, minmay_another_anthill
Spider:4: grunt_spider_rune_island
Orc:1:    layout_caves, library_closet, rock_pile, uniq_urug, uniq_gastronok
Orc:2:    st_orc_town, layout_diamond_mine, minmay_orc_barracks
Depths:1: layout_honeycomb, enter_ziggurat_b, hangedman_abyss_entry_splay,
          hangedman_coc_ice_floe, minmay_misc_feat_pillars,
          chequers_serial_rivers_small_3, corexii_leaking_fountain,
          roderic_lattice_a, drop_trap, minmay_guarded_unrand_wrath_of_trog
Depths:2: minmay_the_grid_triangle_9x9_recursive_3
          [minmay_the_grid_triangle_9x9_flanged_cone,
          minmay_the_grid_triangle_9x9_impossible_snake,
          minmay_the_grid_triangle_9x9_minimal,
          minmay_the_grid_triangle_9x9_prize_schism,
          minmay_the_grid_triangle_9x9_steps,
          minmay_the_grid_triangle_9x9_intruding_spiral,
          minmay_the_grid_triangle_9x9_sparse_checkered,
          minmay_the_grid_triangle_9x9_descending_squares,
          minmay_the_grid_triangle_9x9_thin_v], layout_gridlike,
          minmay_misc_feat_iff, hell_entry, infiniplex_staircase_diamond
Depths:3: minmay_inside_and_out, layout_gridlike, kennysheep_cross_room,
          hell_entry, pan_entry, infiniplex_staircase_pool_2
Depths:4: minmay_tile_spiral, layout_gridlike, abyss_entry,
          grunt_mini_vestibule, chequers_serial_rivers_micro_d,
          minmay_hedge_maze, grunt_megastairs_1, minmay_shoptagon,
          uniq_enchantress
Depths:5: grunt_crosshair, layout_gridlike, pf_hell_entry_great_geh,
          minmay_misc_feat_four_crosses, grunt_megastairs_2
Zot:1:    layout_basic
Zot:2:    kennysheep_blocky_hall, layout_misc_corridors
Zot:3:    layout_concentric_octagons
Zot:4:    layout_basic
Zot:5:    layout_gridlike, not_door_vault_due
